[Event "Team 45 45 League T88"]
[Site "Internet Chess Club"]
[Date "2021.04.13"]
[Round "1"]
[White "woofgang"]
[Black "Fulmar"]
[Result "0-1"]
[WhiteElo "1169"]
[BlackElo "1170"]
[Opening "Ruy Lopez: closed, Pilnik variation"]
[ECO "C70"]
[Time "11:00:13"]
[TimeControl "2700+45"]

1. e4 e5 2. Nf3 Nc6 3. Bb5 a6 4. Ba4 b5 5. Bb3 Nf6 6. d3 Be7 7. O-O O-O 8. Re1
d6 9. c3 Bb7 10. Nbd2 Re8 11. d4 Qd7 12. d5 Na5 13. Bc2 c5 14. b3 Rac8 15. c4
Rc7 16. Nf1 bxc4 17. bxc4 Rb8 18. Bd3 Bc8 19. Bd2 Nb7 20. Rb1 Ra8 21. Ng3 a5 22.
Nf5 Bd8 23. N3h4 Be7 24. f4 Nd8 25. Qf3 a4 26. Qg4 {White resigns} 0-1

[Event "Team 45 45 League T88"]
[Site "Internet Chess Club"]
[Date "2021.04.11"]
[Round "1"]
[White "mongmong"]
[Black "julesraider"]
[Result "1-0"]
[WhiteElo "1538"]
[BlackElo "1601"]
[Opening "King's Indian: orthodox, Aronin-Taimanov variation (Yugoslav attack / Mar del Plata variation)"]
[ECO "E97"]
[Time "16:00:22"]
[TimeControl "2700+45"]

1. d4 Nf6 2. Nf3 g6 3. c4 Bg7 4. Nc3 d6 5. e4 O-O 6. Be2 e5 7. O-O Nc6 8. Be3 a6
9. d5 Ne7 10. Nd2 Ne8 11. Rc1 f5 12. f3 f4 13. Bf2 g5 14. g4 fxg3 15. Bxg3 Bh3
16. Rf2 h5 17. Bf1 Qd7 18. Bxh3 Qxh3 19. Rg2 Ng6 20. Bf2 Bh6 21. Rg3 Qd7 22. Be3
h4 23. Rg2 Qe7 24. Qe2 Ng7 25. Rf1 Nh5 26. Rg4 Nhf4 27. Bxf4 Nxf4 28. Qe3 Rf7
29. Ne2 Raf8 30. Nxf4 Rxf4 31. Rxf4 Rxf4 32. Qe2 Qd7 33. Qg2 Kh7 34. b3 c6 35.
h3 cxd5 36. cxd5 b5 37. Rc1 a5 38. Rc6 Kg6 39. Nb1 Bf8 40. Nc3 Qf7 41. Kf2 b4
42. Nb5 Rxe4 43. Nxd6 Qa7+ 44. Kf1 Kh7 45. fxe4 Qe3 46. Nf5 Qd3+ 47. Kg1 Qd1+
48. Kh2 Qe1 49. Rc2 Kg6 50. Re2 Qc3 51. Nxh4+ Kh6 52. Qf3 gxh4 53. Qxc3 bxc3 54.
Rc2 Bb4 55. d6 Bxd6 56. Rxc3 Bb4 57. Rc6+ Kg5 58. Kg2 Kf4 59. Rc4 Ke3 60. Kg1
Kf3 61. Kh2 Ke3 62. Kg2 Kd3 63. Kf3 Be1 64. Kg4 Ke3 65. a3 Kd3 66. Kf5 Bc3 67.
Rc5 Bb2 68. Rxa5 Kc3 69. b4 Kb3 70. Rxe5 Bxa3 71. b5 Bd6 72. b6 Kb4 73. Re6 Bb8
74. b7 Kb5 75. Kg4 Bg3 76. Re8 Kc6 77. b8=Q Bxb8 78. Rxb8 Kd6 79. Rb4 Ke5 80.
Kxh4 Kf4 81. Kh5 Ke5 82. Kg6 {Black resigns} 1-0

[Event "Team 45 45 League T88"]
[Site "Internet Chess Club"]
[Date "2021.04.09"]
[Round "1"]
[White "Toalla"]
[Black "seattleblues"]
[Result "1/2-1/2"]
[WhiteElo "1126"]
[BlackElo "1305"]
[Opening "Queen's pawn: London system"]
[ECO "A45"]
[Time "13:04:23"]
[TimeControl "2700+45"]

1. d4 Nf6 2. Bf4 e6 3. e3 c5 4. c3 Nc6 5. Bd3 d5 6. Nf3 Qb6 7. Qc2 c4 8. Be2 Be7
9. Nbd2 Nd7 10. O-O Bf6 11. Rfe1 O-O 12. h3 e5 13. dxe5 Ndxe5 14. Bxe5 Nxe5 15.
Nxe5 Bxe5 16. Nf3 Bf6 17. Nd4 Bd7 18. Bf3 Bxd4 19. exd4 Qc6 20. Re5 Be6 21. Rae1
Rfe8 22. Qd1 Rad8 23. Bg4 Rd6 24. f4 f6 25. Rxe6 Rdxe6 26. Bxe6+ Rxe6 27. Rxe6
Qxe6 28. Kf2 Qe4 29. Qf3 f5 30. Qxe4 fxe4 31. g4 Kf7 32. Kg3 g6 33. f5 gxf5 34.
gxf5 Kf6 35. Kf4 h6 36. b4 cxb3 37. axb3 b6 38. c4 e3 39. Kxe3 Kxf5 40. cxd5 Kf6
41. Kf4 Ke7 42. Ke5 a5 43. d6+ Kd7 44. Kd5 b5 45. Kc5 a4 46. bxa4 bxa4 47. Kb4
a3 48. Kxa3 Kxd6 49. Kb3 Kd5 50. Kc3 h5 51. Kd3 h4 52. Ke3 Kd6 53. Kf4 Kd5 54.
Kg4 Kxd4 55. Kxh4 Ke4 56. Kg4 Ke5 57. Kg5 Ke6 58. h4 Kf7 59. h5 Kg8 60. h6 Kh7
61. Kh5 Kh8 62. Kg6 Kg8 63. Kf6 Kh8 64. Kg6 Kg8 65. h7+ Kh8 {Game drawn by
mutual agreement} 1/2-1/2

[Event "Team 45 45 League T88"]
[Site "Internet Chess Club"]
[Date "2021.04.11"]
[Round "1"]
[White "SeniorCitizen"]
[Black "Balderdash"]
[Result "0-1"]
[WhiteElo "1234"]
[BlackElo "1236"]
[Opening "Danish gambit: Sorensen defense"]
[ECO "C21"]
[Time "14:00:41"]
[TimeControl "2700+45"]

1. e4 e5 2. d4 exd4 3. c3 d5 4. Qxd4 dxe4 5. Qxd8+ Kxd8 6. Be3 Bf5 7. Ne2 Nf6 8.
Nd2 Nd5 9. Nc4 Nxe3 10. Nxe3 Bd7 11. Ng3 f5 12. Ne2 Bd6 13. Nc4 Bc5 14. Rd1 Ke7
15. Ng3 g6 16. Rd5 b6 17. Rd1 b5 18. Nd2 c6 19. Nb3 Bb6 20. Nd4 c5 21. Nxb5 Bxb5
22. Bxb5 a6 23. Bc4 Ra7 24. O-O Nd7 25. Rfe1 Ne5 26. Bf1 c4 27. h3 Nd3 28. Re2
Nxf2 29. Rxf2 Bxf2+ 30. Kxf2 Rc8 31. Ne2 Rb7 32. Rb1 Kf6 33. Nd4 Re7 34. Be2 e3+
35. Kf3 g5 36. Nc2 h5 37. g4 hxg4+ 38. hxg4 fxg4+ 39. Kxg4 Re4+ 40. Kg3 Rh8 41.
Rf1+ Ke5 42. Nd4 Rf4 43. Nf3+ Kf5 44. Nd4+ Ke4 45. Bxc4 Rxf1 46. Bxf1 a5 47. Kg4
Rh2 48. Be2 Rh8 49. Kxg5 Rb8 50. b3 Rg8+ 51. Kf6 Rf8+ 52. Ke6 Re8+ 53. Kd7 Rh8
54. Kc6 Rc8+ 55. Kb5 Rxc3 56. Nc6 Rc2 57. Bc4 Rxc4 58. Kxc4 e2 59. Kb5 e1=Q 60.
a4 Kd5 61. Nxa5 Qe7 62. b4 Qd7+ 63. Ka6 Qxa4 64. b5 Kc5 65. b6 Qb5+ {White
resigns} 0-1

[Event "Team 45 45 League T88"]
[Site "Internet Chess Club"]
[Date "2021.04.11"]
[Round "1"]
[White "oldbookseller"]
[Black "dwmt"]
[Result "1-0"]
[WhiteElo "959"]
[BlackElo "1132"]
[Opening "Queen's pawn: English defense"]
[ECO "A40"]
[Time "09:30:55"]
[TimeControl "2700+45"]

1. d4 b6 2. b3 Bb7 3. e3 d6 4. Bb2 e6 5. Bd3 g6 6. Ne2 Bg7 7. O-O Nf6 8. Nbc3
O-O 9. h3 Qd7 10. e4 Qc6 11. d5 exd5 12. f3 dxe4 13. Nf4 exd3 14. Qxd3 Qd7 15.
Rae1 Nc6 16. Ba3 a5 17. Re2 Rfe8 18. Rfe1 Rxe2 19. Ncxe2 Ba6 20. c4 Ne5 21. Qe3
Re8 22. Nc3 Nc6 23. Ncd5 Rxe3 24. Nxe3 Bh6 25. Ned5 Nxd5 26. Nxd5 Kg7 27. Bb2+
Kf8 28. Nf6 Qf5 29. Nxh7+ Kg8 30. Re8+ Kxh7 31. Rh8# {Black checkmated} 1-0

[Event "Team 45 45 League T88"]
[Site "Internet Chess Club"]
[Date "2021.04.10"]
[Round "1"]
[White "Andressa"]
[Black "goldeen7"]
[Result "1-0"]
[WhiteElo "1363"]
[BlackElo "1288"]
[Opening "Sicilian: closed"]
[ECO "B23"]
[Time "10:08:06"]
[TimeControl "2700+45"]

1. e4 c5 2. Nc3 d6 3. Nf3 Nf6 4. Bc4 e6 5. O-O Be7 6. Re1 O-O 7. h3 Nc6 8. a3
Re8 9. d4 cxd4 10. Nxd4 a6 11. Nxc6 bxc6 12. Rb1 Bb7 13. Bd3 e5 14. b4 Qc7 15.
Ne2 d5 16. exd5 cxd5 17. c3 Qc6 18. b5 Qd7 19. Ng3 Bd6 20. Bg5 Qd8 21. Nf5 Bxa3
22. Qb3 Bf8 23. Qc2 e4 24. Be2 g6 25. Nd4 Bg7 26. bxa6 Bxa6 27. Bxa6 Rxa6 28.
Bf4 Nd7 29. Qe2 Rb6 30. Qa2 Nf6 31. Qa7 Rxb1 32. Rxb1 Qe7 33. Rb7 Qf8 34. Nb5
Ra8 35. Qb6 Qd8 36. Bc7 Qe8 37. Nd6 Ra1+ 38. Kh2 Ng4+ 39. hxg4 Qe5+ 40. g3 Qxc3
41. Rb8+ Bf8 42. Rxf8+ Kxf8 43. Qb8+ Kg7 44. Ne8+ Kg8 45. Nf6+ Kg7 46. Be5 Rh1+
47. Kxh1 Qf3+ 48. Kg1 Qd1+ 49. Kh2 {Black resigns} 1-0

[Event "Team 45 45 League T88"]
[Site "Internet Chess Club"]
[Date "2021.04.09"]
[Round "1"]
[White "Conjurer"]
[Black "RoyalFizzbin"]
[Result "1-0"]
[WhiteElo "1218"]
[BlackElo "1255"]
[Opening "Queen's pawn"]
[ECO "A40"]
[Time "13:01:52"]
[TimeControl "2700+45"]

1. d4 e6 2. Bf4 f5 3. e3 Nf6 4. Nf3 b6 5. c4 Bb7 6. Bd3 Be7 7. O-O O-O 8. Nc3
Ne4 9. Qc2 d5 10. Nb5 Bd6 11. Nxd6 cxd6 12. cxd5 Bxd5 13. Nd2 Qe7 14. Nxe4 fxe4
15. Bxe4 Bxe4 16. Qxe4 d5 17. Qc2 Qd7 18. Rac1 Na6 19. a3 Rac8 20. Qd3 Nb8 21.
Rc3 Nc6 22. Rfc1 Na5 23. Rc7 Rxc7 24. Rxc7 Qd8 25. Rxa7 Qc8 26. Rc7 Qa8 27. Qb5
Rc8 28. Qd7 Rxc7 29. Bxc7 Qf8 30. Qxe6+ Kh8 31. Bxb6 h6 32. Bxa5 Kh7 33. Qxd5
Qc8 34. Bc3 Kh8 35. Qh5 Kh7 36. d5 Qc4 37. Qf5+ Kh8 38. Qf8+ Kh7 39. Qxg7#
{Black checkmated} 1-0

[Event "Team 45 45 League T88"]
[Site "Internet Chess Club"]
[Date "2021.04.10"]
[Round "1"]
[White "howah45"]
[Black "kabubi"]
[Result "1-0"]
[WhiteElo "1164"]
[BlackElo "1126"]
[Opening "Ruy Lopez: Wormald (Alapin) attack"]
[ECO "C77"]
[Time "14:00:46"]
[TimeControl "2700+45"]

1. e4 e5 2. Nf3 Nc6 3. Bb5 a6 4. Ba4 Nf6 5. Qe2 b5 6. Bb3 Be7 7. c3 O-O 8. d3 d5
9. O-O Ng4 10. h3 Bh4 11. hxg4 Bxg4 12. Nbd2 Ne7 13. Qe3 dxe4 14. dxe4 Bxf3 15.
Nxf3 Ng6 16. Nxh4 Nxh4 17. Qg5 Nf3+ 18. gxf3 Qd3 19. Kh2 Qxf3 20. Qg2 Qh5+ 21.
Qh3 Qe2 22. Rg1 Qxf2+ 23. Qg2 Qh4+ 24. Qh3 Qxe4 25. Bh6 g6 26. Rg2 Rfd8 27. Rf1
{Black resigns} 1-0

[Event "Team 45 45 League T88"]
[Site "Internet Chess Club"]
[Date "2021.04.08"]
[Round "1"]
[White "Redman1"]
[Black "MrAbendroth"]
[Result "1/2-1/2"]
[WhiteElo "1568"]
[BlackElo "1672"]
[Opening "English: three knights system"]
[ECO "A27"]
[Time "08:00:22"]
[TimeControl "2700+45"]

1. c4 e5 2. Nc3 Nc6 3. Nf3 g6 4. d4 exd4 5. Nxd4 Bg7 6. Nxc6 bxc6 7. Qc2 Nf6 8.
e4 d6 9. Be2 O-O 10. O-O Be6 11. f4 Ng4 12. f5 Bd4+ 13. Kh1 Nf2+ 14. Rxf2 Bxf2
15. fxe6 fxe6 16. Bh6 Rf7 17. Bg4 Qe7 18. Qd3 Re8 19. Qh3 Bd4 20. Rd1 Bg7 21.
Bxg7 Kxg7 22. Ne2 e5 23. Qa3 Qf8 24. Kg1 Rb8 25. b3 h5 26. Bf3 c5 27. Nc3 c6 28.
Qb2 Qe7 29. Qd2 Rf6 30. Qg5 Rbf8 31. h4 Kf7 32. Qd2 Rd8 33. Qh6 Rg8 34. Qd2 Re6
35. g3 Kg7 36. Kg2 Rf8 37. Qe3 Ref6 38. Rd3 a5 39. Ne2 Qf7 40. Ng1 a4 41. Nh3
axb3 42. axb3 Qa7 43. Ng5 Rb8 44. Qd2 Qc7 {Game drawn by mutual agreement}
1/2-1/2

[Event "Team 45 45 League T88"]
[Site "Internet Chess Club"]
[Date "2021.04.10"]
[Round "1"]
[White "RD1974"]
[Black "borfin"]
[Result "0-1"]
[WhiteElo "1517"]
[BlackElo "1516"]
[Opening "Bishop's opening: Berlin defense"]
[ECO "C24"]
[Time "10:00:50"]
[TimeControl "2700+45"]

1. e4 e5 2. Bc4 Nf6 3. d3 d5 4. exd5 Nxd5 5. Nf3 Nc6 6. Qe2 f6 7. d4 Nb6 8. Bb5
Be7 9. dxe5 O-O 10. Bxc6 bxc6 11. exf6 Bxf6 12. O-O a5 13. Rd1 Qe8 14. Qxe8 Rxe8
15. c3 Bg4 16. Be3 Nc4 17. Bd4 Bxf3 18. gxf3 Nxb2 19. Rf1 Bxd4 20. cxd4 Rad8 21.
Nc3 Rxd4 22. Ne4 Rf8 23. Kg2 Nc4 24. Nc5 Rf6 25. Ne4 Rg6+ 26. Kh1 Ne5 27. Rg1
Rxg1+ 28. Rxg1 Nxf3 29. Rg4 Rd1+ 30. Kg2 Ne5 31. Rg3 Kf8 32. Rc3 Rd4 33. f3 Rc4
34. Ra3 a4 35. Nc3 Ke7 36. Nxa4 Kd6 37. Kg3 c5 38. Nc3 Nc6 39. Ne4+ Ke5 40. Rb3
Nd4 41. Rb7 c6 42. Re7+ Kd5 43. Rd7+ Ke6 44. Nxc5+ Kf6 45. Ne4+ Kg6 46. h4 Nf5+
47. Kh3 Rc1 48. Ng3 Nxg3 49. Kxg3 c5 50. Rd6+ Kf7 51. a4 c4 52. a5 c3 53. a6 c2
54. Rd7+ Ke6 55. Rc7 Rg1+ 56. Kf4 c1=Q+ 57. Rxc1 Rxc1 58. a7 Ra1 59. Kg5 Rxa7
60. f4 Rf7 61. h5 Rf6 62. Kg4 Rf5 63. h6 g6 {White resigns} 0-1

[Event "Team 45 45 League T88"]
[Site "Internet Chess Club"]
[Date "2021.04.10"]
[Round "1"]
[White "Chess4Him"]
[Black "WillC"]
[Result "1-0"]
[WhiteElo "1547"]
[BlackElo "1518"]
[Opening "Queen's pawn: London system"]
[ECO "A45"]
[Time "11:01:42"]
[TimeControl "2700+45"]

1. d4 Nf6 2. Bf4 c5 3. e3 Qb6 4. dxc5 Qxc5 5. Nc3 a6 6. Nf3 d6 7. Be2 g6 8. O-O
Bg7 9. Qd2 O-O 10. Rab1 Nc6 11. a3 b5 12. Nd4 Bd7 13. Nb3 Qb6 14. Bg5 Be6 15.
Bxf6 Bxf6 16. Bf3 Rac8 17. Nd5 Bxd5 18. Bxd5 Ne5 19. Nd4 Nc4 20. Bxc4 Rxc4 21.
c3 Rfc8 22. Rbd1 a5 23. Rc1 e5 24. Ne2 a4 25. Rfd1 Be7 26. Ng3 Kg7 27. Qe2 f5
28. Rc2 h5 29. Qd3 h4 30. Ne2 Qc6 31. h3 Rh8 32. Qd5 Qc8 33. Qxb5 Rh5 34. Qd5 g5
35. f4 gxf4 36. exf4 exf4 37. Nd4 Kf6 38. Qf3 Qc5 39. Qxh5 {Black resigns} 1-0

[Event "Team 45 45 League T88"]
[Site "Internet Chess Club"]
[Date "2021.04.10"]
[Round "1"]
[White "sdcohle"]
[Black "mongmong"]
[Result "0-1"]
[WhiteElo "1355"]
[BlackElo "1517"]
[Opening "French: exchange variation"]
[ECO "C01"]
[Time "14:03:41"]
[TimeControl "2700+45"]

1. e4 e6 2. d4 d5 3. exd5 exd5 4. Nc3 c6 5. Be3 Bd6 6. Nf3 Bg4 7. Be2 Nd7 8. Qd2
Qc7 9. O-O-O Ne7 10. h3 Be6 11. Ng5 h6 12. Nxe6 fxe6 13. Bg4 e5 14. Bxd7+ Qxd7
15. dxe5 Bxe5 16. Ne4 O-O-O 17. Nc5 Qf5 18. Nxb7 Kxb7 19. Qb4+ Ka8 20. Qxe7 Rd7
21. Qc5 Rb7 22. c3 Qd7 23. c4 Bxb2+ 24. Kd2 Bf6 25. Ke2 Rb2+ 26. Rd2 Rxd2+ 27.
Bxd2 Re8+ 28. Kd1 dxc4 29. Qxc4 Rd8 30. Qc2 Bg5 31. f4 Bxf4 32. g3 Bxd2 33. Rh2
Bf4+ 34. Ke1 Bxg3+ 35. Kf1 Bxh2 36. Qxh2 Qd1+ 37. Kg2 Rd2+ {White resigns} 0-1

[Event "Team 45 45 League T88"]
[Site "Internet Chess Club"]
[Date "2021.04.11"]
[Round "1"]
[White "julesraider"]
[Black "nidusin2"]
[Result "0-1"]
[WhiteElo "1587"]
[BlackElo "1667"]
[Opening "Queen's pawn"]
[ECO "A40"]
[Time "20:31:38"]
[TimeControl "2700+45"]

1. d4 e6 2. Nf3 b6 3. g3 Bb7 4. Bg2 Nf6 5. O-O d5 6. Nbd2 Be7 7. b3 Nbd7 8. c4
O-O 9. Bb2 Ne4 10. Ne5 Nxe5 11. dxe5 Nxd2 12. Qxd2 Rb8 13. Qc3 c5 14. e3 Qc7 15.
Rac1 Rfd8 16. Rfd1 Bc6 17. a3 Qb7 18. Qc2 Rd7 19. Rd2 Rbd8 20. Rcd1 dxc4 21.
Bxc6 Rxd2 22. Rxd2 Rxd2 23. Qxd2 Qxc6 24. bxc4 g6 25. Qd3 a6 26. e4 b5 27. f4 h5
28. f5 b4 29. f6 Bf8 30. Bc1 a5 31. Kf2 a4 32. Kf3 b3 33. Qd8 b2 34. Bxb2 Qb7
35. Qd2 Qb3+ 36. Qc3 Qd1+ 37. Kf2 Bh6 38. Qf3 Qc2+ 39. Qe2 Qb1 40. Kg2 Qa2 41.
Kf2 Qb3 42. h3 Bg5 43. Kg2 h4 44. g4 Qg3+ 45. Kf1 Qxh3+ 46. Ke1 Qh1+ 47. Kf2 Bf4
48. Qf3 Bg3+ 49. Ke3 Qg1+ 50. Ke2 Qe1+ 51. Kd3 Qb1+ 52. Kc3 Be1# {White
checkmated} 0-1

[Event "Team 45 45 League T88"]
[Site "Internet Chess Club"]
[Date "2021.04.08"]
[Round "1"]
[White "smsxman"]
[Black "Toalla"]
[Result "1-0"]
[WhiteElo "1344"]
[BlackElo "1133"]
[Opening "Caro-Kann defense"]
[ECO "B10"]
[Time "12:07:31"]
[TimeControl "2700+45"]

1. e4 c6 2. Nf3 d5 3. exd5 cxd5 4. d4 Bf5 5. Nc3 e6 6. Bb5+ Nc6 7. Ne5 Ne7 8.
O-O a6 9. Bxc6+ Nxc6 10. Re1 Be7 11. Bf4 Rc8 12. a3 O-O 13. Bg3 Nxe5 14. Bxe5
Bd6 15. Bxd6 Qxd6 16. Rc1 Rfe8 17. Na4 b6 18. b4 Rc6 19. c3 e5 20. dxe5 Rxe5 21.
Qd2 f6 22. Rxe5 fxe5 23. Rd1 Be6 24. h3 Qd8 25. Nb2 b5 26. Nd3 Qf6 27. Nc5 Rxc5
28. bxc5 Qd8 29. Qe3 h6 30. Qxe5 Qd7 31. Re1 Kf7 32. Re3 g6 33. Qf4+ Kg7 34. Qd6
Qxd6 35. cxd6 Kf7 36. g4 Ke8 37. Rxe6+ {Black resigns} 1-0

[Event "Team 45 45 League T88"]
[Site "Internet Chess Club"]
[Date "2021.04.11"]
[Round "1"]
[White "jaboti"]
[Black "Gojira"]
[Result "1/2-1/2"]
[WhiteElo "1545"]
[BlackElo "1533"]
[Opening "Sicilian: Alapin's variation (2.c3)"]
[ECO "B22"]
[Time "16:00:44"]
[TimeControl "2700+45"]

1. e4 c5 2. c3 d5 3. exd5 Qxd5 4. d4 g6 5. Nf3 Nf6 6. c4 Qe4+ 7. Be2 cxd4 8.
Nbd2 Qg4 9. O-O Nc6 10. Nb3 Qd7 11. Nbxd4 Bg7 12. Nxc6 Qxc6 13. Rb1 Bf5 14. Nd4
Qc5 15. Nxf5 Qxf5 16. Qa4+ Qd7 17. Qxd7+ Nxd7 18. Be3 b6 19. b4 Rc8 20. c5 {Game
drawn by mutual agreement} 1/2-1/2

[Event "Team 45 45 League T88"]
[Site "Internet Chess Club"]
[Date "2021.04.11"]
[Round "1"]
[White "cap78red"]
[Black "noblitz-oblige"]
[Result "0-1"]
[WhiteElo "1407"]
[BlackElo "1509"]
[Opening "English: four knights, kingside fianchetto"]
[ECO "A29"]
[Time "05:30:38"]
[TimeControl "2700+45"]

1. c4 e5 2. Nc3 Nf6 3. Nf3 Nc6 4. g3 g6 5. e4 d6 6. Bg2 Bg7 7. O-O O-O 8. d4 Bg4
9. d5 Nd4 10. h3 Nxf3+ 11. Bxf3 Bxh3 12. Bg2 Bxg2 13. Kxg2 a6 14. Be3 Qd7 15.
Rh1 Ng4 16. Bd2 f5 17. f3 Nf6 18. Qc1 fxe4 19. Nxe4 Nxe4 20. fxe4 Qg4 21. Rh4
Qe2+ 22. Kh3 Rf2 23. Bh6 Rh2# {White checkmated} 0-1

[Event "Team 45 45 League T88"]
[Site "Internet Chess Club"]
[Date "2021.04.11"]
[Round "1"]
[White "OGO"]
[Black "CMAlge"]
[Result "0-1"]
[WhiteElo "1199"]
[BlackElo "1255"]
[Opening "QGD semi-Slav: 6.Bd3"]
[ECO "D46"]
[Time "13:00:41"]
[TimeControl "2700+45"]

1. d4 d5 2. c4 e6 3. Nf3 Nf6 4. e3 c6 5. Nc3 Nbd7 6. Bd3 a6 7. O-O dxc4 8. Bxc4
b5 9. Bb3 Bb7 10. Re1 Be7 11. Bc2 O-O 12. e4 Re8 13. Qd3 Nf8 14. e5 Nd5 15. a3
c5 16. Qe4 Nb4 17. Qxb7 Nxc2 18. Rb1 Nxe1 19. Nxe1 cxd4 20. Ne4 d3 21. Nf3 Ng6
22. Bd2 Qc8 23. Qb6 Qb8 24. Qe3 Nxe5 25. Nxe5 Qxe5 26. Bc3 Qd5 27. Qg3 g6 28.
Nf6+ Bxf6 29. Bxf6 Qf5 30. Bc3 d2 31. Rd1 Rad8 32. Qe3 e5 33. h3 Qf4 34. Qe2 Qf5
35. Rxd2 Rxd2 36. Qxd2 Qe6 37. Qh6 Re7 38. Bb4 Re8 39. Bc3 Qb3 40. f4 Qd1+ 41.
Kh2 Qh5 42. Qxh5 gxh5 43. Bxe5 Rc8 44. Kg3 Rc6 45. Kf3 f6 46. Bd4 f5 47. Be5 Kf7
48. g4 Kg6 49. gxf5+ Kxf5 50. Bc3 Re6 51. Be5 a5 52. Bc3 a4 53. Be5 Re8 54. Bc3
Re6 55. Be5 Rxe5 56. fxe5 Kxe5 57. Ke3 h4 {White resigns} 0-1

[Event "Team 45 45 League T88"]
[Site "Internet Chess Club"]
[Date "2021.04.10"]
[Round "1"]
[White "Pawnchain"]
[Black "Constrictor"]
[Result "1/2-1/2"]
[WhiteElo "1411"]
[BlackElo "1521"]
[Opening "Dutch"]
[ECO "A80"]
[Time "14:00:58"]
[TimeControl "2700+45"]

1. d4 f5 2. Nf3 Nf6 3. Bg5 e6 4. Nc3 Be7 5. Bxf6 Bxf6 6. e3 b6 7. d5 e5 8. Bc4
d6 9. e4 O-O 10. exf5 Bxf5 11. Ne2 Qe8 12. c3 Nd7 13. O-O Qg6 14. Ng3 Bg4 15.
Be2 Rae8 16. Nd2 Bxe2 17. Qxe2 Nc5 18. Nge4 Nxe4 19. Qxe4 Qxe4 20. Nxe4 {Game
drawn by mutual agreement} 1/2-1/2

[Event "Team 45 45 League T88"]
[Site "Internet Chess Club"]
[Date "2021.04.12"]
[Round "1"]
[White "bardu"]
[Black "Tjet"]
[Result "1/2-1/2"]
[WhiteElo "1353"]
[BlackElo "1333"]
[Opening "King's Indian: orthodox variation"]
[ECO "E94"]
[Time "17:17:12"]
[TimeControl "2700+45"]

1. d4 Nf6 2. c4 g6 3. Nc3 Bg7 4. e4 d6 5. Nf3 O-O 6. Be2 e5 7. O-O exd4 8. Nxd4
a6 9. Bg5 Nbd7 10. b4 Qe8 11. Bf3 Ne5 12. c5 Nxf3+ 13. Qxf3 Qe5 14. Bxf6 Qxf6
15. Qxf6 Bxf6 16. Rad1 dxc5 17. bxc5 c6 18. Rfe1 Re8 19. h3 h5 20. f4 Bxd4+ 21.
Rxd4 Be6 {Game drawn by mutual agreement} 1/2-1/2

[Event "Team 45 45 League T88"]
[Site "Internet Chess Club"]
[Date "2021.04.09"]
[Round "1"]
[White "xingon"]
[Black "smsxman"]
[Result "0-1"]
[WhiteElo "1416"]
[BlackElo "1379"]
[Opening "Queen's pawn"]
[ECO "A40"]
[Time "13:59:58"]
[TimeControl "2700+45"]

1. d4 e6 2. Bf4 c5 3. e3 cxd4 4. exd4 Nc6 5. Nf3 Nf6 6. Nbd2 Be7 7. c3 b6 8. Bd3
Bb7 9. O-O d5 10. Ne5 Nxe5 11. dxe5 Nd7 12. Nf3 a6 13. b4 b5 14. a4 Bc6 15. axb5
axb5 16. Nd4 Rxa1 17. Qxa1 Qb6 18. Nxc6 Qxc6 19. Rc1 O-O 20. Bg3 f6 21. Re1 Rc8
22. Qb1 fxe5 23. Bxh7+ Kh8 24. f4 e4 25. Bg6 Qxc3 26. Bf2 Bxb4 27. Rd1 Nf6 28.
Be1 Qc5+ 29. Bf2 e3 {White resigns} 0-1

[Event "Team 45 45 League T88"]
[Site "Internet Chess Club"]
[Date "2021.04.11"]
[Round "1"]
[White "stantheman59"]
[Black "Visin"]
[Result "0-1"]
[WhiteElo "1214"]
[BlackElo "1262"]
[Opening "Queen's pawn game, Chigorin variation"]
[ECO "D02"]
[Time "14:00:26"]
[TimeControl "2700+45"]

1. d4 d5 2. Nf3 Nc6 3. Bf4 Nf6 4. e3 e6 5. c3 Be7 6. Nbd2 Bd7 7. Be2 a6 8. O-O
O-O 9. Qc2 b5 10. Nb3 h6 11. Nc5 Bxc5 12. dxc5 Re8 13. a4 Ne7 14. a5 Nc6 15. b4
e5 16. Bg3 e4 17. Nd4 Nh7 18. Rad1 f5 19. f3 Nxd4 20. cxd4 c6 21. fxe4 fxe4 22.
Bh5 Rf8 23. Rxf8+ Qxf8 24. Bd6 Qf5 25. Qe2 Nf6 26. g4 Qf3 27. Qxf3 exf3 28. Rf1
Nxh5 29. gxh5 Bg4 30. Kf2 Bxh5 31. Kg3 g5 32. h4 Re8 33. hxg5 hxg5 34. Re1 Re4
35. Rh1 Rg4+ 36. Kf2 Rg2+ 37. Kf1 Bg6 38. Rg1 Rxg1+ 39. Kxg1 g4 40. Kf2 Kf7 41.
Bh2 Ke6 42. Bg1 Kf5 43. Kg3 Kg5 44. Bf2 Bf5 45. Bg1 Bd7 46. Bf2 Kf5 47. Bg1 Ke4
48. Kf2 Kd3 49. Kg3 Kc3 50. Kf4 Kxb4 51. Ke5 g3 52. Kd6 f2 53. Kxd7 fxg1=Q
{White resigns} 0-1

[Event "Team 45 45 League T88"]
[Site "Internet Chess Club"]
[Date "2021.04.10"]
[Round "1"]
[White "fileman"]
[Black "fledermaus"]
[Result "0-1"]
[WhiteElo "1778"]
[BlackElo "1874"]
[Opening "Queen's pawn game"]
[ECO "D00"]
[Time "11:03:56"]
[TimeControl "2700+45"]

1. d4 d5 2. a3 Nf6 3. Nf3 e6 4. Bf4 c5 5. c3 Qb6 6. Qc2 Nc6 7. e3 Be7 8. Nbd2
cxd4 9. cxd4 Bd7 10. b4 Rc8 11. Qb2 O-O 12. Bd3 Nb8 13. O-O Bb5 14. Bxb5 Qxb5
15. Rfc1 Nbd7 16. Rxc8 Rxc8 17. Rc1 Rc6 18. Rxc6 Qxc6 19. Ne5 Nxe5 20. Bxe5 Nd7
21. Bg3 Nb6 22. h3 Na4 23. Qb3 b5 24. Nf3 Qc1+ 25. Kh2 f6 26. e4 Qc4 27. Qxc4
bxc4 28. exd5 exd5 29. Ne1 Nc3 30. Nc2 Kf7 31. Bb8 a6 32. f3 Ke6 33. g3 Kd7 34.
Kg2 Kc6 35. Kf2 Kb5 36. Ba7 Ka4 37. Ke3 Kb3 38. Kd2 Bd6 39. f4 Ne4+ 40. Kd1 Nxg3
41. Ne3 Bxf4 42. Nxd5 Bg5 43. Bb8 Nf5 {White resigns} 0-1

[Event "Team 45 45 League T88"]
[Site "Internet Chess Club"]
[Date "2021.04.11"]
[Round "1"]
[White "MathBandit"]
[Black "bobhill"]
[Result "1-0"]
[WhiteElo "1671"]
[BlackElo "1793"]
[Opening "Sicilian: Smith-Morra gambit"]
[ECO "B21"]
[Time "20:05:41"]
[TimeControl "2700+45"]

1. e4 c5 2. d4 cxd4 3. c3 dxc3 4. Nxc3 Nc6 5. Nf3 d6 6. Bc4 a6 7. O-O Nf6 8. Bf4
Bg4 9. h3 Bxf3 10. Qxf3 Ne5 11. Bxe5 dxe5 12. Rfd1 Qc8 13. Bb3 e6 14. Ba4+ b5
15. Nxb5 axb5 16. Bxb5+ Ke7 17. Qb3 Nxe4 18. Rac1 Nc5 19. Qc4 Kf6 20. b4 g6 21.
bxc5 Bh6 22. Rc2 Rd8 23. Rd3 Bf8 24. Rxd8 Qxd8 25. c6 Qc7 26. Rd2 Bd6 27. Qd3
Rd8 28. Qc3 Ke7 29. a4 e4 30. g3 g5 31. Qd4 h5 32. Qxe4 h4 33. Qg4 f6 34. Bc4
Qc8 35. Qe4 Rh8 36. g4 Rf8 37. a5 f5 38. gxf5 Rxf5 39. a6 Rf4 40. Qh7+ Rf7 41.
Qd3 Qc7 42. a7 Bh2+ 43. Kf1 Qxa7 44. Qd8# {Black checkmated} 1-0

[Event "Team 45 45 League T88"]
[Site "Internet Chess Club"]
[Date "2021.04.11"]
[Round "1"]
[White "Rookmaster"]
[Black "MrAbendroth"]
[Result "1/2-1/2"]
[WhiteElo "1620"]
[BlackElo "1670"]
[Opening "Sicilian defense"]
[ECO "B40"]
[Time "07:00:24"]
[TimeControl "2700+45"]

1. e4 e6 2. Nf3 c5 3. Nc3 Nc6 4. Bb5 Nge7 5. O-O a6 6. Bxc6 Nxc6 7. d4 cxd4 8.
Nxd4 Qc7 9. Nxc6 dxc6 10. Be3 b5 11. f4 e5 12. Qf3 exf4 13. Bxf4 Qa7+ 14. Kh1
Be6 15. Rad1 Be7 16. Qg3 g6 17. Bh6 Qc5 18. Bg7 Rg8 19. Bd4 Qg5 20. Qc7 Rc8 21.
Qg3 Qxg3 22. hxg3 Bg4 23. Rd2 Rd8 24. Be3 Rxd2 25. Bxd2 f6 26. Nd1 Rf8 27. Nf2
Be6 28. Nd3 c5 29. Be3 c4 30. Nf4 Bg4 31. Nd5 Bd8 32. Bd4 f5 33. exf5 Rxf5 34.
Rxf5 Bxf5 35. c3 Kd7 36. Bf6 Bc7 37. Nxc7 Kxc7 38. Kg1 h5 39. Kf2 Kd6 40. Ke3
Kd5 41. a3 Be4 42. Bg5 Bxg2 43. Kf4 Bh3 44. Bh4 Bf5 45. Bg5 Kc6 46. Bd8 {Game
drawn by mutual agreement} 1/2-1/2